 Dungeon Crawl Stone Soup version 0.28-a0-1510-gd0f6b136d3 (webtiles) character file.

Game seed: 13858773373501311254

13995 hashsling the Quickloader (level 12, -11/77 HPs)
             Began as a Kobold Hunter on Jan 15, 2022.
             Was an Elder of Okawaru.
             Mangled by a large slime creature (31 damage)
             ... on level 14 of the Dungeon.
             The game lasted 01:31:49 (17087 turns).

hashsling the Quickloader (Kobold Hunter)          Turns: 17087, Time: 01:31:49

Health: -11/77     AC: 12    Str: 10    XL:     12   Next: 39%
Magic:  10/10      EV: 21    Int: 12    God:    Okawaru [****..]
Gold:   349        SH:  0    Dex: 20    Spells: 11/11 levels left

rFire   . . .      SeeInvis .   q - +2 arbalest
rCold   . . .      Faith    .   (shield currently unavailable)
rNeg    . . .      Spirit   .   H - +3 leather armour
rPois   +          Reflect  .   F - +2 helmet
rElec   .          Harm     .   I - +2 cloak {rPois}
rCorr   +          Rampage  .   (no gloves)
Will    .....                   (no boots)
Stlth   +++.......              (no amulet)
HPRegen 0.22/turn               G - ring of resist corrosion
MPRegen 0.12/turn               (no ring)

@: confused, ambrosia-drunk
A: small, no large weapons, nightstalker 3, low mp 1, poison resistance
a: Renounce Religion, Heroism, Finesse


You were on level 14 of the Dungeon.
You worshipped Okawaru.
Okawaru was greatly pleased with you.
You visited 2 branches of the dungeon, and saw 13 of its levels.

You collected 857 gold pieces.
You spent 508 gold pieces at shops.

Inventory:

Hand Weapons
 a - a +1 hand crossbow
 b - a +5 dagger of electrocution
 q - a +2 arbalest (weapon)
Missiles
 d - 163 bolts (quivered ammo)
 h - 18 poisoned darts
 i - a throwing net
Armour
 r - a +1 buckler
 F - a +2 helmet (worn)
 H - a +3 leather armour (worn)
 I - a +2 cloak of poison resistance (worn)
Jewellery
 C - a ring of magical power
 G - a ring of resist corrosion (left hand)
Wands
 u - a wand of flame (5)
 w - a wand of polymorph (11)
Scrolls
 l - 3 scrolls of amnesia
 n - a scroll of blinking
 o - a scroll of summoning
 t - a scroll of teleportation
 v - 2 scrolls of holy word
 x - 2 scrolls of magic mapping
 z - a scroll of immolation {unknown}
 A - a scroll of noise {unknown}
Potions
 c - a potion of magic
 f - a potion of attraction {unknown}
 g - 3 potions of flight
 j - a potion of heal wounds {unknown}
 k - 9 potions of ambrosia
 p - a potion of might {unknown}
 s - 2 potions of resistance
 B - a potion of mutation
 E - 2 potions of brilliance
Miscellaneous
 m - a lightning rod (1/4)


   Skills:
 - Level 10.0 Fighting
 - Level 10.6 Short Blades
 * Level 11.8 Crossbows
 - Level 10.7 Dodging
 + Level 9.8 Stealth
 - Level 2.0 Shields
 - Level 5.0 Evocations


You had 11 spell levels left.
You didn't know any spells.
Your spell library contained the following spells:

 Spells                   Type           Power      Damage    Failure   Level
 Beastly Appendage        Tmut           0%         N/A       41%         1
 Foxfire                  Conj/Fire      0%         2x1d4     41%         1
 Magic Dart               Conj           0%         1d3       41%         1
 Shock                    Conj/Air       0%         1d3       41%         1
 Searing Ray              Conj           0%         2d4       56%         2
 Wereblood                Tmut           0%         N/A       56%         2
 Conjure Flame            Conj/Fire      0%         6-21      80%         3
 Gell's Gravitas          Tloc           0%         N/A       80%         3
 Inner Flame              Hex/Fire       0%         N/A       80%         3
 Lesser Beckoning         Tloc           0%         N/A       80%         3
 Ozocubu's Armour         Ice            0%         N/A       80%         3
 Spider Form              Tmut/Pois      0%         N/A       80%         3
 Swiftness                Air            0%         N/A       80%         3
 Teleport Other           Tloc           0%         N/A       80%         3
 Airstrike                Air            0%         N/A       99%         4
 Cause Fear               Hex            0%         N/A       99%         4
 Flame Wave               Conj/Fire      0%         2d4       99%         4
 Fulminant Prism          Conj/Hex       0%         3d6       99%         4
 Borgnjor's Vile Clutch   Necr/Erth      0%         N/A       100%        5
 Metabolic Englaciation   Hex/Ice        0%         N/A       100%        5
 Discord                  Hex            0%         N/A       100%        8
 Animate Dead             Necr           Unusable   N/A       N/A         4
 Death Channel            Necr           Unusable   N/A       N/A         6
 Simulacrum               Ice/Necr       Unusable   N/A       N/A         6

Dungeon Overview and Level Annotations

Branches:
Dungeon (11/15)            Temple (0/1) D:6            Lair (1/6) D:10
    Orc (0/2) D:9

Altars:
Dithmenos
Fedhas
Gozag
Kikubaaqudgha
Makhleb
Okawaru
Qazlal
Ru
Sif Muna
Vehumet
Xom
Yredelemnul
Zin

Shops:
D:10 ?   D:14 ?*=(

Annotations:
D:10 Erolcha


Innate Abilities, Weirdness & Mutations

You are small and have problems with some larger weapons.
You are completely attuned to the shadows.
Your magical capacity is low. (-10% MP)
Your system is resistant to poisons. (rPois)


Message History

The bolt completely misses the enormous slime creature.
The enormous slime creature hits you!!
Your extra speed is starting to run out.
Fire: 168 bolts
Press: ? - help, Q - select action, (/) - cycle Shift-Dir - straight line, f/p - enormous slime creature
Aim: an enormous slime creature (severely wounded, 87% to hit)
You shoot a bolt.
The bolt hits the enormous slime creature.
The enormous slime creature is severely wounded.
Fire: 167 bolts
Press: ? - help, Q - select action, (/) - cycle Shift-Dir - straight line, f/p - enormous slime creature
Aim: an enormous slime creature (severely wounded, 87% to hit)
You shoot a bolt.
The bolt hits the enormous slime creature!
The enormous slime creature is severely wounded.
Fire: 166 bolts
Press: ? - help, Q - select action, (/) - cycle Shift-Dir - straight line, f/p - enormous slime creature
Aim: an enormous slime creature (severely wounded, 87% to hit)
You shoot a bolt.
The bolt hits the enormous slime creature!!
The enormous slime creature is almost dead.
An enormous slime creature splits.
Fire: 165 bolts
Press: ? - help, Q - select action, (/) - cycle Shift-Dir - straight line, f/p - large slime creature
Aim: a large slime creature (almost dead, 87% to hit)
You shoot a bolt. The bolt hits the large slime creature!
The large slime creature is almost dead.
The large slime creature completely misses you.
Fire: 164 bolts
Press: ? - help, Q - select action, (/) - cycle Shift-Dir - straight line, f/p - large slime creature
Aim: a large slime creature (almost dead, 87% to hit)
You shoot a bolt. The bolt hits the large slime creature.
The large slime creature is almost dead.
You feel yourself slow down.
The large slime creature hits you but does no damage.
The large slime creature hits you!!
* * * LOW HITPOINT WARNING * * *
You are confused.
You feel invigorated. The large slime creature hits you!!
You die...

########## #........#
#.######.# #.# #.#
####.#### #.# .##.##
.......J@# #.#
.#...###..##..##J# #.#
...... #..##..##(# #.#
.#...###..##..##(###.#
..........##.........#
###..###.###.###.#####
#..###.###.# #(#
###..##......###(#
.....##.#######((#


You could see 2 large slime creatures.

Vanquished Creatures
  Snorg (D:10)
  2 two-headed ogres (D:8)
  Urug (D:10)
  A wizard (D:14)
  Pikel (D:7)
  A manticore (D:14)
  Maurice (D:9)
  A cane toad (Lair:1)
  4 komodo dragons
  A troll (D:8)
  Prince Ribbit (D:9)
  A hornet (D:9)
  A queen bee (D:9)
  A slime creature (D:14)
  A wraith (D:14)
  13 yaks
  2 wyverns
  3 steam dragons
  A basilisk (D:10)
  An acid dragon (D:9)
  3 swamp worms (D:9)
  2 water moccasins
  A black bear (D:5)
  An ice beast (D:7)
  2 orc warriors (D:10)
  2 sky beasts
  A hornet zombie (D:5)
  2 ogres (D:5)
  3 centaurs
  2 lemures (D:7)
  A phantom (D:6)
  A kobold brigand (D:8)
  4 bullfrogs
  2 gnoll sergeants
  A scorpion (D:7)
  A water moccasin skeleton (D:4)
  31 killer bees (D:9)
  5 electric eels (D:7)
  2 howler monkeys
  2 bullfrog zombies
  A bullfrog skeleton (D:6)
  4 centaur zombies
  5 orc priests
  4 hounds
  A jelly (D:5)
  Ijyb (D:4)
  An iguana (D:7)
  Jessica (D:3)
  10 orc wizards
  A killer bee zombie (D:7)
  A hound zombie (D:5)
  A hound skeleton (D:4)
  A howler monkey zombie (D:9)
  9 gnolls
  9 adders
  4 white imps
  An ufetubus (D:5)
  An adder zombie (D:5)
  2 adder skeletons
  2 worms
  A dart slug (D:2)
  28 orcs
  6 endoplasms
  4 giant cockroaches
  6 hobgoblins
  4 jackals (D:2)
  5 quokkas
  6 ball pythons
  9 bats
  2 frilled lizards
  10 goblins
  A jackal skeleton (D:4)
  9 kobolds
  6 rats
265 creatures vanquished.

Vanquished Creatures (others)
  18 plants
  3 toadstools (D:3)
21 creatures vanquished.

Grand Total: 286 creatures vanquished

Notes
Turn   | Place    | Note
-------+----------+-------------------------------------------
     0 | D:1      | hashsling the Kobold Hunter began the quest for the Orb.
     0 | D:1      | Reached XP level 1. HP: 12/12 MP: 1/1
   384 | D:1      | Reached XP level 2. HP: 18/18 MP: 2/2
   407 | D:1      | Found a faded altar of an unknown god.
   411 | D:1      | Reached skill level 1 in Short Blades
   858 | D:1      | Reached skill level 5 in Crossbows
   858 | D:1      | Reached XP level 3. HP: 22/22 MP: 3/3
  1526 | D:2      | Reached XP level 4. HP: 28/28 MP: 4/4
  2402 | D:2      | Reached XP level 5. HP: 32/32 MP: 5/5
  3184 | D:3      | Found an iron altar of Okawaru.
  3189 | D:3      | Became a worshipper of Warmaster Okawaru
  3272 | D:3      | Noticed Jessica
  3273 | D:3      | Killed Jessica
  3908 | D:4      | Reached XP level 6. HP: 23/38 MP: 6/6
  4138 | D:4      | Noticed Ijyb
  4148 | D:4      | Killed Ijyb
  5453 | D:4      | Reached XP level 7. HP: 38/43 MP: 7/7
  5528 | D:5      | Entered Level 5 of the Dungeon
  5623 | D:5      | Reached * piety under Okawaru
  5795 | D:5      | Found a basalt altar of Yredelemnul.
  5811 | D:5      | Reached skill level 5 in Short Blades
  5811 | D:5      | Reached skill level 1 in Shields
  6056 | D:5      | Reached skill level 5 in Fighting
  6056 | D:5      | Reached skill level 6 in Crossbows
  6300 | D:5      | Reached XP level 8. HP: 38/49 MP: 8/8
  7322 | D:5      | Reached ** piety under Okawaru
  7468 | D:6      | Found a staircase to the Ecumenical Temple.
  7503 | D:6      | Reached skill level 5 in Stealth
  7803 | D:6      | Found a shimmering altar of Xom.
  8064 | D:6      | Noticed a yak
  8077 | D:6      | Killed a yak
  8081 | D:6      | Reached XP level 9. HP: 34/55 MP: 9/9
  8097 | D:6      | Reached skill level 5 in Dodging
  8328 | D:6      | Reached skill level 7 in Crossbows
  9067 | D:7      | Found a faded altar of an unknown god.
  9072 | D:7      | Found a shadowy altar of Dithmenos.
  9074 | D:7      | Found a blossoming altar of Fedhas.
  9075 | D:7      | Found a burning altar of Makhleb.
  9080 | D:7      | Found a faded altar of an unknown god.
  9323 | D:7      | Reached *** piety under Okawaru
 10013 | D:7      | Reached skill level 8 in Crossbows
 10206 | D:7      | Noticed Pikel
 10424 | D:7      | Killed Pikel
 10424 | D:7      | Reached **** piety under Okawaru
 10425 | D:7      | Reached XP level 10. HP: 63/63 MP: 10/10
 11375 | D:8      | Found an opulent altar of Gozag.
 11411 | D:8      | Found a stormy altar of Qazlal.
 11485 | D:8      | Found a sacrificial altar of Ru.
 11496 | D:8      | Found a shimmering blue altar of Sif Muna.
 11516 | D:8      | Noticed a two-headed ogre
 11529 | D:8      | Found an opulent altar of Gozag.
 11539 | D:8      | Found an opulent altar of Gozag.
 11581 | D:8      | Found an opulent altar of Gozag.
 11647 | D:8      | Killed a two-headed ogre
 11647 | D:8      | Received a gift from Okawaru
 11648 | D:8      | Reached skill level 9 in Crossbows
 11751 | D:8      | Found an ancient bone altar of Kikubaaqudgha.
 11781 | D:8      | Noticed a cyan ugly thing
 11799 | D:8      | Noticed a two-headed ogre
 11812 | D:8      | Killed a two-headed ogre
 11812 | D:8      | Received a gift from Okawaru
 12139 | D:8      | Found a radiant altar of Vehumet.
 12406 | D:9      | Noticed Maurice
 12419 | D:9      | Killed Maurice
 12545 | D:9      | Received a gift from Okawaru
 12598 | D:9      | Reached skill level 10 in Short Blades
 12598 | D:9      | Reached XP level 11. HP: 69/69 MP: 8/11
 12668 | D:9      | Noticed a skeletal warrior
 12668 | D:9      | Noticed a skeletal warrior
 12991 | D:9      | Noticed a skeletal warrior
 13112 | D:9      | Reached skill level 1 in Evocations
 13226 | D:9      | Reached skill level 10 in Crossbows
 13240 | D:9      | Received a gift from Okawaru
 14012 | D:9      | Found a staircase to the Orcish Mines.
 14125 | D:9      | Noticed Prince Ribbit
 14136 | D:9      | Killed Prince Ribbit
 14235 | D:10     | Entered Level 10 of the Dungeon
 14378 | D:10     | Received a gift from Okawaru
 14670 | D:10     | Found a glowing silver altar of Zin.
 14670 | D:10     | Noticed Snorg
 14732 | D:10     | Killed Snorg
 14732 | D:10     | Received a gift from Okawaru
 14889 | D:10     | Noticed Urug
 14912 | D:10     | HP: 3/71 [Urug/javelin (19)]
 14948 | D:10     | Killed Urug
 14948 | D:10     | Received a gift from Okawaru
 14949 | D:10     | Reached skill level 11 in Crossbows
 15131 | D:10     | Noticed Erolcha
 15228 | D:10     | Found Xarchalyusm's Magic Scroll Emporium.
 15233 | D:10     | Bought a scroll of blinking for 105 gold pieces
 15233 | D:10     | Bought a scroll of magic mapping for 49 gold pieces
 15233 | D:10     | Bought a scroll of enchant weapon for 105 gold pieces
 15233 | D:10     | Bought a scroll of identify for 28 gold pieces
 15233 | D:10     | Bought a scroll of identify for 28 gold pieces
 15233 | D:10     | Bought a scroll of magic mapping for 49 gold pieces
 15253 | D:10     | Gained mutation: Your magical capacity is low. (-10% MP)
                  | [potion of mutation]
 15253 | D:10     | Gained mutation: Your system is resistant to poisons.
                  | (rPois) [potion of mutation]
 15412 | D:10     | Reached skill level 10 in Dodging
 15412 | D:10     | Reached XP level 12. HP: 77/77 MP: 10/10
 15704 | D:10     | Found a staircase to the Lair.
 16033 | Lair:1   | Entered Level 1 of the Lair of Beasts
 16062 | Lair:1   | Noticed a seven-headed hydra
 16629 | D:11     | You fall into a shaft and drop 3 floors!
 16629 | D:14     | Noticed a centaur warrior
 16668 | D:14     | Reached skill level 10 in Fighting
 16914 | D:14     | Found Ruith's General Store.
 16915 | D:14     | Found Opiof's Antique Weapon Boutique.
 16923 | D:14     | Found Ogotz's Magic Scroll Boutique.
 16924 | D:14     | Found Gyov's Jewellery Boutique.
 16942 | D:14     | Received a gift from Okawaru
 16957 | D:14     | Bought an arbalest for 144 gold pieces
 17041 | D:14     | Reached skill level 5 in Evocations
 17087 | D:14     | Mangled by a large slime creature

Illustrated notes

Levels and vault maps discovered:
D:1:      psy_arrival_spokes, layout_basic, chequers_ecumenical_altar_island,
          minmay_misc_feat_pillars
D:2:      minmay_evil_eye, layout_basic
D:3:      layout_basic, kennysheep_okawaru_gauntlet, minmay_gold_behind_fungi,
          uniq_jessica
D:4:      layout_loops_corners, minmay_small_thing, uniq_ijyb
D:5:      layout_loops_corners, mainiacjoe_overflow_small_starburst,
          serial_undead, serial_undead_e, serial_undead_e, serial_undead_b,
          serial_undead_b
D:6:      kennysheep_spiral_hall, layout_basic, xom_teletrap_fun,
          minmay_temple_entry_trees
D:7:      wad_lake_hut, layout_basic, chequers_temple_overflow_minitemple,
          nicolae_grassy_gnolls, uniq_pikel
D:8:      layout_cave_pools, nicolae_gozag_conspicuous_consumption,
          mainiacjoe_overflow_brackets, nicolae_overflow_quartered_altars,
          wad_dig_loot
D:9:      layout_roguey [special_room_bee], orc_0_dummy, nrook_mini_backslash,
          worms_lemuel, uniq_maurice, uniq_prince_ribbit1
D:10:     layout_long_grid, mainiacjoe_overflow_tiny_flanked, erik_lair_dragon,
          serial_shops, nicolae_shop_statue_plus, uniq_snorg, uniq_erolcha,
          uniq_urug
D:11:     layout_stronghold, minivault_5
D:14:     layout_loops_corners, skrybe_vaults_entry_preservation, special_room
          [special_room_mythical_zoo], nicolae_ashenzari_panopticon,
          minmay_shop_grid_forest
Lair:1:   layout_roguey, nzn_sisyphean_effort, lemuel_fruit_fields,
          grunt_megastairs_3

Skill      XL: |  1  2  3  4  5  6  7  8  9 10 11 12 |
---------------+-------------------------------------+-----
Short Blades   | 1 2 3 4 5 6 8 10 | 10.6
Crossbows      | 5 6 8 9 11 | 11.8
Stealth        | 2 3 4 5 6 7 9 |  9.8
Fighting       | 3 4 5 6 7 8 9 10 | 10.0
Dodging        | 3 4 6 8 10 | 10.7
Shields        | 1 2 |  2.0
Evocations     | 4 5 |  5.0

Action                   |  1- 3 |  4- 6 |  7- 9 | 10-12 || total
-------------------------+-------+-------+-------+-------++-------
Melee: Short sword       |    54 |    39 |       |       ||    93
       Dagger            |       |    29 |   138 |   456 ||   623
 Fire: Hand crossbow     |    30 |    89 |   133 |   210 ||   462
       Arbalest          |       |       |       |    27 ||    27
Throw: Throwing net      |       |       |       |     2 ||     2
       Dart              |       |       |       |     2 ||     2
Invok: Heroism           |       |       |     1 |    30 ||    31
       Finesse           |       |       |       |     2 ||     2
Evoke: Wand              |       |       |     2 |     4 ||     6
       Lightning rod     |       |       |       |     5 ||     5
  Use: Scroll            |       |     5 |     2 |    22 ||    29
       Potion            |       |       |     2 |    15 ||    17
 Stab: Sleeping          |     5 |    12 |       |       ||    17
       Paralysed         |       |       |       |     1 ||     1
Armor: Leather armour    |    15 |    13 |    24 |    61 ||   113
Dodge: Dodged            |    50 |    62 |    84 |   382 ||   578
Block: Buckler           |       |     7 |    36 |   164 ||   207

Table legend: (Time is in decaauts)
 A = Elapsed time spent in this place.
 B = Non-inter-level travel time spent in this place.
 C = Inter-level travel time spent in this place.
 D = Time resting spent in this place.
 E = Time spent auto-exploring this place.
 F = Levels seen in this place.
 G = Mean time per level.
                   A        B        C        D        E       F      G
               +--------+--------+--------+--------+--------+-----+--------+
         Total |  16831 |  16349 |    482 |    967 |  11815 |  13 | 1294.7 |
       Dungeon |  16792 |  16310 |    482 |    967 |  11811 |  12 | 1399.3 |
          Lair |     38 |     38 |      0 |      0 |      4 |   1 |   38.0 |
               +--------+--------+--------+--------+--------+-----+--------+

Top non-repeatable levels by time:
     D:7: 2164 daAuts
    D:10: 1999 daAuts
     D:5: 1916 daAuts
     D:9: 1913 daAuts
     D:4: 1639 daAuts
     D:6: 1408 daAuts
     D:2: 1371 daAuts
     D:3: 1350 daAuts
     D:8: 1176 daAuts
     D:1: 1174 daAuts
    D:14: 439 daAuts
    D:11: 239 daAuts
  Lair:1: 38 daAuts
